 Dungeon Crawl Stone Soup version 0.19-a0-1920-g83281cb (webtiles) character file.

21458 Leszczynek the Bludgeoner (level 12, -15/133 HPs)
             Began as an Ogre Warper on Oct 23, 2016.
             Was an Elder of Makhleb.
             Demolished by Donald
             ... wielding a +0 demon trident of venom
              (26 damage)
             ... on level 2 of the Orcish Mines.
             The game lasted 00:44:07 (6822 turns).

Leszczynek the Bludgeoner (Ogre Warper)             Turns: 6822, Time: 00:44:08

Health: -15/133    AC: 17    Str: 19    XL:     12   Next: 90%
Magic:  17/17      EV: 13    Int: 12    God:    Makhleb [****..]
Gold:   394        SH:  0    Dex: 13    Spells: 0 memorised, 15 levels left

rFire  . . .     SeeInvis +     a - +1 giant club
rCold  . . .     Gourm    .     f - +2 storm dragon scales
rNeg   . . .     Faith    .     (shield currently unavailable)
rPois  .         Spirit   .     (helmet restricted)
rElec  +         Reflect  .     C - +2 cloak
rCorr  .         Harm     .     (gloves unavailable)
MR     +....                    (boots unavailable)
Stlth  ..........               (no amulet)
                                n - +6 ring of evasion
                                H - ring of see invisible

@: heavily drained
A: unfitting armour, horns 1, blink, deterioration 1, tough skin 1
a: Blink, Minor Destruction, Lesser Servant of Makhleb, Major Destruction,
Renounce Religion


You were on level 2 of the Orcish Mines.
You worshipped Makhleb.
Makhleb was greatly pleased with you.
You were hungry.

You visited 3 branches of the dungeon, and saw 14 of its levels.
You also visited: Sewer.

You collected 1366 gold pieces.
You spent 972 gold pieces at shops.

Inventory:

Hand Weapons
 a - a +1 giant club (weapon)
 b - a +0 blowgun
 c - a +0 giant spiked club
 g - a +0 morningstar
 t - a cursed -1 whip
Missiles
 e - 3 tomahawks of dispersal
 o - 7 tomahawks (quivered)
 w - 46 poisoned needles
 F - 6 curare-tipped needles
 S - 2 javelins
Armour
 f - +2 storm dragon scales (worn)
 i - a +0 shield
 r - a +0 troll leather armour
 C - a +2 cloak (worn)
Jewellery
 h - an uncursed ring of positive energy
 k - an uncursed ring of flight
 n - a +6 ring of evasion (right hand)
 y - an uncursed amulet of faith
 H - a ring of see invisible (left hand)
Wands
 m - a wand of slowing (22/48)
 s - a wand of flame (7/48)
 E - a wand of disintegration (10/24)
Scrolls
 l - a scroll of teleportation
 p - a scroll of identify
 q - 5 scrolls of remove curse
 M - a scroll of amnesia {unknown}
 N - a scroll of fear {unknown}
 O - a scroll of silence {unknown}
 R - a scroll of enchant weapon
Potions
 j - a potion of cancellation
 u - a potion of invisibility {unknown}
 v - a potion of degeneration {unknown}
 x - 4 potions of curing
 z - 3 potions of heal wounds
 A - 3 potions of flight
 B - 3 potions of might
 G - 4 potions of haste
 J - a potion of ambrosia {unknown}
 T - 4 potions of lignification
 V - a potion of resistance
Books
 U - a book of Spatial Translocations

   Spells                             Type                      Level
   a - Blink                          Translocation                2
   b - Shroud of Golubria             Charms/Translocation         2
   c - Lesser Beckoning               Translocation                3
   d - Portal Projectile              Translocation                3
   e - Teleport Other                 Translocation                3
   f - Passage of Golubria            Translocation                4
Miscellaneous
 L - a box of beasts
Comestibles
 d - a bread ration
 D - 2 beef jerkies
 I - 15 fruits
 K - 8 chunks of flesh
 P - 6 slices of pizza
 Q - 2 meat rations


   Skills:
 - Level 12.4(10.6) Fighting
 - Level 18.1(16.1) Maces & Flails
 - Level 1.0(0.0) Throwing
 * Level 5.1(3.7) Armour
 + Level 6.7(5.2) Dodging
 - Level 2.4(1.0) Spellcasting
   Level 2.1(0.8) Translocations
 - Level 7.4(5.8) Invocations


You had 15 spell levels left.
You didn't know any spells.

Dungeon Overview and Level Annotations

Branches:
Dungeon (11/15)            Temple (1/1) D:7             Orc (2/2) D:10
    Elf (0/3) Orc:2
   Lair: D:8-11

Altars:
Ashenzari
Cheibriados
Dithmenos
Elyvilon
Fedhas
Gozag
Hepliaklqana
Kikubaaqudgha
Makhleb
Nemelex Xobeh
Okawaru
Qazlal
Ru
Sif Muna
Uskayaw
Vehumet
Xom
Yredelemnul
Zin

Shops:
D:7 (   D:11 *   Orc:1 !   Orc:2 %}([%

Portals:
Trove: D:11 (give 12 potions of heal wounds)

Annotations:
D:2 Sigmund
D:6 2 trolls
D:11 poirepourri's ghost, journeyman GrFi
Orc:2 Donald


Innate Abilities, Weirdness & Mutations

You are too large for most types of armour.
You have tough skin. (AC +1)
You have a pair of small horns on your head.
You can translocate small distances at will.
Your body sometimes deteriorates upon taking damage.


Message History

You hit Donald.
Donald is lightly wounded.
You feel sick. Donald blocks your ufetubus's attack.
Your ufetubus hits Donald but does no damage.
Donald hits you with a demon trident of venom!!
* * * LOW HITPOINT WARNING * * *
You are more poisoned.
Donald blocks your hellwing's attack. x2; Your iron imp barely misses Donald.
Your neqoxec gestures at Donald.
Donald twists and deforms.
Unknown command.
Okay, then.
You don't have enough health at the moment.
Okay, then.
Unknown command.
You feel better.
Your ufetubus hits Donald but does no damage.
Your ufetubus barely misses Donald.
Donald hits you with a demon trident of venom!!
You die...

..T..........####....)#).)#
.8....#.......##.#...).....
....8 #...............))...
.... #....................
o8. #...#.#..#......)....
.. #...##[..##.....>...) .
#....)..............<
#...5.)...........##.
#.53@..(.....)[....##
#..@5.......[.<[....#
#..43.........[....##
................)...))
.................#).....
...................)....#
...................[.#...
.........................
.................


You could see Donald, a friendly hellwing, a friendly neqoxec, a friendly
ynoxinul, 2 friendly iron imps and a friendly ufetubus.

Vanquished Creatures
  Snorg (Orc:2)
  3 hydras
  4 ogre magi
  An orc high priest (Orc:1)
  A deep elf knight (Orc:2)
  Sonja (Orc:2)
  An orc knight (Orc:2)
  A hill giant (D:11)
  An orc sorcerer (Orc:1)
  A deep elf mage (D:10)
  2 trolls (D:6)
  10 two-headed ogres
  Prince Ribbit (D:7)
  2 dream sheep (D:10)
  2 blink frogs (D:11)
  A vampire (D:10)
  6 yaks (D:10)
  A hungry ghost (D:9)
  3 wargs (D:10)
  A soldier ant (D:10)
  Duvessa (D:6)
  A water moccasin (D:10)
  3 sky beasts
  A necrophage (D:10)
  4 phantoms
  14 orc warriors
  27 ogres
  4 centaurs
  4 big kobolds
  A wyvern zombie (D:10)
  8 bullfrogs
  Dowan (D:6)
  2 scorpions
  A wyvern skeleton (D:8)
  A water moccasin skeleton (D:7)
  4 wights (D:10)
  4 howler monkeys
  2 crimson imps
  4 hounds
  2 jellies (D:7)
  4 orc priests
  17 orc wizards
  2 bullfrog skeletons
  2 centaur skeletons
  4 iguanas
  8 worker ants
  A hound zombie (D:10)
  6 adders
  2 river rats (Sewer)
  2 shadow imps
  An ooze (D:1)
  2 adder skeletons
  A leopard gecko (D:7)
  42 orcs
  2 giant cockroaches
  6 goblins
  2 hobgoblins (D:2)
  11 jackals
  6 quokkas
  9 bats
  7 frilled lizards
  10 kobolds
  A quokka zombie (D:8)
  6 rats
287 creatures vanquished.

Vanquished Creatures (collateral kills)
  The ghost of p0werm0de the Fighter, a journeyman TeCK of Xom (Orc:1)
  A two-headed ogre (Orc:2)
  5 ogres (Orc:2)
  An orc (Orc:2)
8 creatures vanquished.

Grand Total: 295 creatures vanquished

Notes
Turn   | Place    | Note
-------+----------+-------------------------------------------
     0 | D:1      | Leszczynek the Ogre Warper began the quest for the Orb.
     0 | D:1      | Reached XP level 1. HP: 22/22 MP: 3/3
    42 | D:1      | Reached skill level 3 in Maces & Flails
    75 | D:1      | TACTICAL GAMEPLAY
    96 | D:1      | Reached XP level 2. HP: 14/29 MP: 5/5
   320 | D:1      | Reached skill level 4 in Maces & Flails
   556 | D:2      | Reached XP level 3. HP: 28/36 MP: 6/6
   557 | D:2      | Noticed Sigmund
   748 | D:1      | Reached skill level 5 in Maces & Flails
   802 | D:2      | ok, +6 EV, i can't fuck this shit up
   802 | D:2      | this is the game
   920 | D:2      | and a morningstar
   920 | D:2      | this is the fucking game
   968 | D:2      | Reached XP level 4. HP: 41/44 MP: 7/7
  1081 | D:3      | and a fucking shield
  1094 | D:3      | so i need to take tso now
  1110 | D:4      | Reached skill level 6 in Maces & Flails
  1114 | D:4      | Reached XP level 5. HP: 30/50 MP: 8/8
  1215 | D:4      | Noticed an ogre
  1221 | D:4      | Killed an ogre
  1221 | D:4      | Reached skill level 7 in Maces & Flails
  1299 | D:4      | Reached skill level 8 in Maces & Flails
  1299 | D:4      | Reached XP level 6. HP: 26/59 MP: 9/9
  1411 | D:4      | Found a glowing drain.
  1416 | Sewer    | Entered a sewer
  1562 | Sewer    | fucking hell
  1638 | Sewer    | SIXTEEN EVASION
  1638 | Sewer    | STILL HIT THREE TIMES OUT OF THREE
  1839 | Sewer    | Found a glowing silver altar of Zin.
  1888 | D:4      | all this lost time for 4 potions
  1888 | D:4      | WOW SURE WORTH IT XD
  1888 | D:4      | three kobolds, three blowguns
  1920 | D:4      | Noticed a phantom
  1942 | D:4      | Killed a phantom
  1942 | D:4      | Reached skill level 9 in Maces & Flails
  1987 | D:5      | Entered Level 5 of the Dungeon
  2021 | D:4      | Reached skill level 3 in Fighting
  2021 | D:4      | Reached XP level 7. HP: 47/67 MP: 10/10
  2129 | D:4      | Gained mutation: You have a pair of small horns on your head. [potion of mutation]
  2129 | D:4      | Gained mutation: Your body sometimes deteriorates upon taking damage. [potion of mutation]
  2129 | D:4      | Gained mutation: You can translocate small distances at will. [potion of mutation]
  2157 | D:4      | Reached skill level 10 in Maces & Flails
  2284 | D:5      | Reached skill level 4 in Fighting
  2303 | D:6      | Found a radiant altar of Vehumet.
  2305 | D:6      | Found a white marble altar of Elyvilon.
  2305 | D:6      | Found a sacrificial altar of Ru.
  2305 | D:6      | Found a glowing silver altar of Zin.
  2306 | D:6      | Found a snail-covered altar of Cheibriados.
  2308 | D:6      | Found a hazy altar of Hepliaklqana.
  2309 | D:6      | Found a blossoming altar of Fedhas.
  2315 | D:6      | Found a hide-covered altar of Uskayaw.
  2394 | D:6      | Reached skill level 3 in Dodging
  2506 | D:6      | Noticed a troll
  2513 | D:6      | Noticed a troll
  2515 | D:6      | two?
  2515 | D:6      | damn son
  2558 | D:7      | Reached XP level 8. HP: 78/79 MP: 11/11
  2655 | D:7      | Found Iwoas's Antique Weapon Emporium.
  2679 | D:7      | demon blade, wrong species
  2695 | D:7      | Found a staircase to the Ecumenical Temple.
  2705 | D:7      | Reached skill level 5 in Fighting
  2772 | Temple   | Entered the Ecumenical Temple
  2897 | Temple   | fuck this shit
  2897 | Temple   | Became a worshipper of Makhleb the Destroyer
  2987 | D:6      | Reached skill level 11 in Maces & Flails
  3009 | D:6      | Noticed a troll
  3024 | D:6      | Killed a troll
  3024 | D:6      | Reached skill level 4 in Dodging
  3081 | D:6      | Noticed Dowan
  3127 | D:6      | Killed Dowan
  3127 | D:6      | Reached skill level 6 in Fighting
  3195 | D:6      | Noticed Duvessa
  3202 | D:6      | Killed Duvessa
  3202 | D:6      | Reached skill level 12 in Maces & Flails
  3202 | D:6      | Reached XP level 9. HP: 90/91 MP: 12/12
  3410 | D:6      | Killed a troll
  3413 | D:6      | Reached skill level 7 in Fighting
  3418 | D:6      | ok, got everything i need for early game
  3418 | D:6      | now just rpois for lair
  3459 | D:6      | Reached skill level 5 in Dodging
  3553 | D:7      | Noticed Prince Ribbit
  3578 | D:7      | Killed Prince Ribbit
  3605 | D:7      | Reached skill level 13 in Maces & Flails
  3734 | D:8      | Reached * piety under Makhleb
  3948 | D:8      | Reached skill level 8 in Fighting
  4034 | D:9      | Reached XP level 10. HP: 96/104 MP: 13/13
  4090 | D:10     | Entered Level 10 of the Dungeon
  4099 | D:10     | Reached skill level 14 in Maces & Flails
  4123 | D:10     | Reached skill level 6 in Dodging
  4167 | D:10     | Reached skill level 1 in Invocations
  4310 | D:10     | Reached skill level 2 in Invocations
  4316 | D:10     | Found a staircase to the Orcish Mines.
  4398 | D:9      | Reached skill level 9 in Fighting
  4506 | D:11     | Noticed an eight-headed hydra
  4626 | D:10     | Reached ** piety under Makhleb
  4647 | D:11     | Noticed a hill giant
  4653 | D:11     | Killed a hill giant
  4653 | D:11     | Reached skill level 15 in Maces & Flails
  4653 | D:11     | Reached skill level 3 in Invocations
  4716 | D:11     | Found a portal to a secret trove of treasure.
  4724 | D:11     | trove: 12 !HW
  4728 | D:11     | costly
  4741 | D:11     | Noticed poirepourri's ghost (journeyman GrFi)
  4741 | D:11     | weapon of draining, of course
  4897 | D:10     | Reached skill level 4 in Invocations
  4908 | D:10     | Reached XP level 11. HP: 117/117 MP: 14/14
  4935 | D:10     | Noticed a three-headed hydra
  4939 | D:10     | Killed a three-headed hydra
  4939 | D:10     | Reached skill level 10 in Fighting
  5062 | D:10     | Reached skill level 16 in Maces & Flails
  5066 | D:10     | Reached skill level 5 in Invocations
  5256 | D:10     | Noticed a deep elf mage
  5263 | D:10     | Noticed a soul eater
  5266 | D:10     | Killed a deep elf mage
  5332 | D:11     | Noticed a seven-headed hydra
  5345 | D:11     | Killed a seven-headed hydra
  5414 | D:11     | Found Hocsuapung's Changing Room.
  5424 | D:11     | Bought 2 potions of lignification for 66 gold pieces
  5424 | D:11     | two cheap cmuts, nice
  5424 | D:11     | 275 each only
  5430 | D:11     | Noticed an eight-headed hydra
  5445 | D:11     | Noticed a cyclops
  5447 | D:11     | Killed an eight-headed hydra
  5447 | D:11     | Reached skill level 6 in Invocations
  5514 | Orc:1    | Entered Level 1 of the Orcish Mines
  5527 | Orc:1    | Noticed p0werm0de's ghost (journeyman TeCK)
  5528 | Orc:1    | god damn it
  5528 | Orc:1    | Reached *** piety under Makhleb
  5545 | Orc:1    | Killed p0werm0de's ghost
  5545 | Orc:1    | Reached skill level 11 in Fighting
  5612 | Orc:2    | Entered Level 2 of the Orcish Mines
  5612 | Orc:2    | Found a staircase to the Elven Halls.
  5612 | Orc:2    | Found Nonuinol's Food Emporium.
  5625 | Orc:1    | Reached skill level 17 in Maces & Flails
  5644 | Orc:2    | i killed one hill giant and 9 ogres already
  5644 | Orc:2    | and none of them had a GSC
  5738 | Orc:2    | finally
  5738 | Orc:2    | the 10th ogre
  5800 | Orc:2    | Noticed an ogre mage
  5803 | Orc:2    | fuck
  5812 | Orc:2    | Killed an ogre mage
  5839 | Orc:2    | Reached XP level 12. HP: 129/130 MP: 17/17
  5843 | Orc:2    | Reached skill level 7 in Invocations
  5853 | Orc:2    | Noticed an ogre mage
  5857 | Orc:2    | Noticed an ogre mage
  5861 | Orc:2    | Killed an ogre mage
  5963 | Orc:2    | Noticed an ogre mage
  6029 | Orc:1    | Identified a scroll of acquirement
  6031 | Orc:1    | YES
  6031 | Orc:1    | THANKS ACQUIREMENT
  6041 | Orc:1    | mother fucking storm dragon scales
  6050 | Orc:1    | Killed an ogre mage
  6050 | Orc:1    | Reached skill level 1 in Armour
  6061 | Orc:2    | Killed an ogre mage
  6061 | Orc:2    | Reached skill level 12 in Fighting
  6095 | Orc:2    | Reached skill level 18 in Maces & Flails
  6095 | Orc:2    | Reached skill level 2 in Armour
  6221 | Orc:2    | Found Zuataquh's Armour Emporium.
  6221 | Orc:2    | Found Veptaara's Gadget Boutique.
  6221 | Orc:2    | Found Soomur's Antique Weapon Boutique.
  6221 | Orc:2    | Found Tyrakej's Food Shoppe.
  6243 | Orc:2    | the shops are pretty fucking bad tho
  6273 | Orc:2    | Bought a wand of disintegration (10/24) for 154 gold pieces
  6307 | Orc:2    | Reached **** piety under Makhleb
  6314 | Orc:2    | your orange demon is devoured by a tear in reality.
  6323 | Orc:2    | Reached skill level 3 in Armour
  6574 | Orc:1    | Noticed an orc high priest
  6601 | Orc:1    | Killed an orc high priest
  6601 | Orc:1    | Reached skill level 4 in Armour
  6689 | Orc:1    | Found Angicuci's Distillery.
  6709 | Orc:1    | Bought a potion of haste for 160 gold pieces
  6709 | Orc:1    | Bought a potion of might for 64 gold pieces
  6709 | Orc:1    | Bought a potion of might for 64 gold pieces
  6709 | Orc:1    | Bought a potion of resistance for 160 gold pieces
  6709 | Orc:1    | Bought a potion of haste for 160 gold pieces
  6709 | Orc:1    | Bought a potion of lignification for 48 gold pieces
  6709 | Orc:1    | Bought a potion of lignification for 48 gold pieces
  6709 | Orc:1    | Bought a potion of curing for 48 gold pieces
  6785 | Orc:2    | Noticed Snorg
  6786 | Orc:2    | Noticed an orc high priest
  6790 | Orc:2    | Noticed Sonja
  6797 | Orc:2    | Noticed a deep elf knight
  6798 | Orc:2    | Killed Sonja
  6802 | Orc:2    | Killed a deep elf knight
  6808 | Orc:2    | Killed Snorg
  6808 | Orc:2    | Reached skill level 5 in Armour
  6813 | Orc:2    | Noticed Donald
  6813 | Orc:2    | what the actual fuck
  6821 | Orc:2    | HP: 6/133 [Donald/demon trident of venom (28)]
  6822 | Orc:2    | Demolished by Donald

Vault maps used:
D:1:      erik_arrival_cave_to_civilisation
D:2:      uniq_sigmund
D:3:      lemuel_coloured_pillars_altar, first_bread
D:4:      lightli_sewer_entry_pipes
D:5:      nicolae_tso_swordbearing_angel, grunt_decor_clamped
D:6:      hangedman_cross_stitches, minitemple, basic_altar, serial_glass,
          glass_columns_c, glass_columns_c, glass_columns_a, glass_columns_b,
          glass_columns_c, glass_columns_b, glass_columns_b, glass_columns_a,
          uniq_duvessa
D:7:      serial_shops, shop, uniq_prince_ribbit1
D:8:      uniq_maurice
D:10:     minmay_orc_entry_guard_dogs, hangedman_ranch, billiards_dpeg
D:11:     hangedman_screamer, dpeg_lair_monsters, nicolae_trove_entry_columns,
          nicolae_transmutations_shop
Temple:   minmay_temple_curvy_loop
Orc:1:    serial_shops, nicolae_shop_behind_doors
Orc:2:    st_orc_ogre_mass, serial_shops, shop, bh_open_orc_temple, uniq_snorg,
          uniq_sonja, uniq_donald
Sewer:    sewer_kobolds

Skill      XL: |  1  2  3  4  5  6  7  8  9 10 11 12 |
---------------+-------------------------------------+-----
Maces & Flails | 3 4 5 6 8 9 10 12 13 15 17 18 | 18.1
Fighting       | 3 4 6 8 9 11 12 | 12.4
Dodging        | 3 4 5 6 |  6.7
Invocations    | 4 6 7 |  7.4
Armour         | 5 |  5.1
Throwing       | |  1.0
Spellcasting   | |  2.4
Translocations | |  2.1

Action                   |  1- 3 |  4- 6 |  7- 9 | 10-12 || total
-------------------------+-------+-------+-------+-------++-------
Melee: Mace              |   118 |       |       |       ||   118
       Morningstar       |    18 |    89 |       |       ||   107
       Giant club        |       |     9 |   270 |   544 ||   823
       Headbutt          |       |       |    36 |    87 ||   123
 Fire: Blowgun           |       |    16 |    13 |       ||    29
Throw: Tomahawk          |     1 |       |     1 |       ||     2
Invok: Minor Destruction |       |       |       |    11 ||    11
       Lesser Servant of |       |       |       |     9 ||     9
 Abil: Blink             |       |       |       |     2 ||     2
Evoke: Wand              |       |       |       |     3 ||     3
  Use: Potion            |       |     1 |     1 |     4 ||     6
       Scroll            |       |       |    12 |     3 ||    15
  Eat: Chunk             |     1 |     3 |     5 |    11 ||    20
       Bread ration      |       |     1 |       |       ||     1
Armor: Robe              |    65 |     8 |    24 |       ||    97
       Troll leather arm |       |       |    13 |    47 ||    60
       Storm dragon scal |       |       |       |    61 ||    61
Dodge: Dodged            |   121 |    76 |   206 |   386 ||   789
